Map: Complesso Moebius XX-1

Players

Alienllncux

  • Race: Terran Terran

Strettger

  • Race: Terran Terran
  • League: Silver

Jhyrachy

  • Race: Zerg Zerg
  • League: Gold

assassin

  • Race: Protoss Protoss

Entrax

  • Race: Terran Terran
  • League: Bronze

Iznogoud

  • Race: Protoss Protoss

AVI

  • Race: Zerg Zerg
  • League: Silver

cbx

  • Race: Protoss Protoss
  • League: Gold

VOD

Have the link to the VOD?

Description

Time

  • Played on: May 16, 2016, 7:27 p.m.
  • Length: 15:29
Show
View Real Time Build Order
Export as new Build Order

Alienllncux Terran 

Build Orders: MMM Bio 

Get SALT Encoding   

  12  0:01  SCV  
  13  0:13  SCV  
  14  0:25  SCV  
  15  0:44  Supply Depot  
  15  0:51  Refinery  
  15  1:05  SCV  
  15  1:08  Barracks  
  15  1:10  Barracks  
  16  1:18  SCV  
  17  1:24  Barracks  
  17  1:30  SCV  
  18  1:42  SCV  
  19  1:54  Orbital Command  
  19  1:57  Supply Depot  
  19  2:01  Reaper  
  20  2:02  Reaper  
  21  2:13  Reaper, Supply Depot  
  22  2:21  SCV  
  23  2:23  Refinery  
  23  2:33  Barracks  
  23  2:38  SCV  
  23  2:41  Reaper  
  25  2:48  Reaper  
  25  2:50  SCV  
  27  2:53  Marine  
  28  3:02  SCV  
  29  3:06  Barracks  
  29  3:09  Engineering Bay  
  29  3:14  Marine x2, SCV  
  32  3:21  Supply Depot  
  32  3:26  SCV  
  33  3:28  Barracks Tech Lab  
  33  3:34  Engineering Bay  
  33  3:41  Barracks Tech Lab  
  33  3:51  Barracks Reactor, Marine  
  33  3:53  Barracks Reactor  
  34  4:00  Barracks Tech Lab  
  34  4:02  Combat Shields, Stimpack  
  34  4:10  Marine  
  34  4:11  Marine  
  34  4:14  SCV  
  37  4:26  SCV  
  38  4:36  Terran Infantry Weapons Level 1  
  38  4:37  Terran Infantry Armor Level 1  
  39  4:38  SCV  
  39  4:52  Command Center  
  39  4:56  Supply Depot  
  39  5:14  Marine x2  
  39  5:15  Marine x5  
  39  5:18  Supply Depot  
  39  5:19  Concussive Shells  
  46  5:30  Factory  
  46  5:32  Marine  
  47  5:36  SCV  
  48  5:43  Factory  
  48  5:48  Missile Turret, SCV  
  49  5:57  Refinery x2  
  49  6:02  Marauder x2  
  49  6:03  Marine  
  54  6:32  Orbital Command  
  54  6:36  SCV  
  55  6:48  SCV  
  56  6:55  Factory Tech Lab x2  
  56  6:57  Marauder x3  
  56  6:58  Marine x3  
  56  7:00  SCV  
  66  7:04  Armory  
  66  7:08  Missile Turret  
  66  7:12  SCV  
  67  7:17  Missile Turret  
  67  7:18  Marauder  
  69  7:25  Missile Turret  
  69  7:33  SCV  
  69  7:34  SCV  
  71  7:40  Missile Turret  
  71  7:45  Missile Turret, SCV  
  72  7:54  Terran Infantry Armor Level 2, Terran Infantry Weapons Level 2  
  72  7:56  Terran Vehicle Weapons Level 1  
  72  8:07  Marauder x2  
  72  8:09  Marauder  
  78  8:26  Supply Depot x2  
  78  8:47  Thor x2  
  90  8:48  Missile Turret  
  90  8:51  Supply Depot  
  90  9:09  Missile Turret  
  89  9:29  Marauder  
  89  9:30  Marauder x2, Marine x4  
  99  9:35  Thor  
  99  9:37  Thor  
  89  9:51  Marauder x2  
  80  9:54  Marine x5  
  80  10:11  Marine  
  80  10:12  Marine x5  
  80  10:14  Missile Turret x2  
  86  10:20  Marine  
  87  10:29  Marine x4  
  87  10:30  Marine  
  92  10:51  Thor  
  98  11:05  Thor  
  63  11:54  Marine  
  63  11:55  Marine x6  
  63  11:57  Thor x2  
  63  12:00  Terran Infantry Weapons Level 3  
  80  12:05  Supply Depot  
  68  12:12  Marine x3  
  68  12:13  Marine x3  
  68  12:22  Command Center  
  68  12:30  Marine  
  68  12:31  Marine x4  
  68  12:34  Marine  
  74  12:37  Marine  
  75  12:47  Terran Vehicle Weapons Level 2  
  75  12:48  Marine  
  76  13:15  Marine x2  
  76  13:16  Marine x3  
  76  13:17  Marine  
  76  13:18  Refinery  
  82  13:20  Marine  
  82  13:21  Refinery  
  83  13:40  Orbital Command  
  83  13:45  Thor x2  
  83  13:46  Marine  
  83  13:47  Marine x6  
  102  14:04  Marine x2  
  102  14:05  Marauder  
  102  14:06  Marauder x2  
  102  14:23  Marine x3  
  102  14:24  Marine  
  106  14:26  Marine  
  106  14:27  Marauder x2  
  106  14:28  Thor x2  
Show
View Real Time Build Order
Export as new Build Order

Strettger Terran 

Build Orders: Command Center First (CC) 

Get SALT Encoding   

  12  0:04  SCV  
  13  0:18  SCV  
  14  0:28  Supply Depot  
  14  0:30  SCV  
  15  0:49  SCV  
  16  1:01  SCV  
  16  1:03  Supply Depot  
  17  1:13  SCV  
  18  1:21  Command Center  
  18  1:26  SCV  
  18  1:30  Supply Depot  
  19  1:38  SCV  
  20  1:50  Refinery, SCV  
  20  1:53  Barracks  
  21  1:54  Refinery  
  21  2:04  SCV  
  21  2:07  Refinery  
  22  2:11  Refinery  
  22  2:16  SCV  
  23  2:28  SCV  
  24  2:32  Engineering Bay  
  24  2:34  SCV  
  25  2:40  SCV  
  26  2:45  Factory  
  26  2:47  SCV  
  27  2:52  SCV  
  28  3:03  Missile Turret  
  28  3:07  Missile Turret  
  28  3:09  SCV  
  28  3:11  SCV  
  30  3:26  SCV x2  
  32  3:30  Starport  
  32  3:31  Factory Reactor  
  32  3:38  SCV x2  
  34  3:47  Missile Turret  
  34  3:51  Missile Turret  
  34  3:52  Hi-Sec Auto Tracking  
  34  3:54  SCV  
  35  3:57  SCV  
  36  4:06  Liberator x2  
  42  4:26  Orbital Command x2  
  42  4:41  Sensor Tower  
  42  4:49  Sensor Tower, Liberator x2  
  42  4:55  Command Center  
  48  5:19  SCV x2  
  50  5:26  Fusion Core  
  50  6:04  SCV x2  
  52  6:12  Starport  
  52  6:46  Starport Tech Lab  
  52  6:49  Behemoth Reactor  
  52  6:50  Starport, Starport Tech Lab  
  52  6:51  Factory Tech Lab  
  52  6:55  Armory  
  52  6:57  SCV  
  52  6:58  SCV  
  54  7:02  Planetary Fortress  
  54  7:03  Armory  
  42  7:40  Starport Tech Lab  
  42  7:42  Battlecruiser x2  
  54  7:48  SCV  
  54  7:49  SCV  
  54  7:50  Refinery  
  54  7:51  Refinery, SCV  
  57  7:58  Missile Turret x2  
  57  8:00  SCV  
  57  8:01  SCV  
  57  8:03  Battlecruiser, SCV  
  66  8:09  Terran Vehicle And Ship Armor Level 1  
  66  8:18  Terran Ship Weapons Level 1  
  66  8:19  Missile Turret x2  
  66  8:20  SCV x3  
  69  8:45  Supply Depot  
  69  8:48  Supply Depot  
  69  8:49  Supply Depot  
  69  8:58  Building Armor  
  69  9:07  Battlecruiser, SCV x2  
  69  9:09  SCV  
  77  9:32  Battlecruiser  
  83  9:58  Battlecruiser  
  89  10:04  Weapon Refit  
  89  10:06  Terran Vehicle And Ship Armor Level 2  
  89  10:18  SCV x3  
  92  10:25  Terran Ship Weapons Level 2  
  92  10:50  Supply Depot x2  
  92  10:54  Supply Depot  
  92  10:55  Supply Depot  
  92  10:56  Supply Depot  
  92  11:01  Battlecruiser  
  98  11:09  Battlecruiser  
  92  11:13  Supply Depot  
  74  11:19  Refinery  
  74  11:27  Battlecruiser  
  80  11:40  SCV  
  80  11:41  SCV x2  
  83  12:06  Battlecruiser  
  89  12:13  Battlecruiser  
  95  12:17  Command Center  
  89  12:23  Missile Turret  
  89  12:28  Terran Vehicle And Ship Armor Level 3  
  89  12:56  Battlecruiser  
  95  13:10  Missile Turret  
  89  13:13  Missile Turret  
  88  13:28  Battlecruiser  
Show
View Real Time Build Order
Export as new Build Order

Jhyrachy Zerg 

Build Orders: Pool First 

Get SALT Encoding   

  12  0:11  Drone x2  
  14  0:18  Extractor  
  14  0:19  Drone  
  14  0:20  Extractor  
  13  0:28  Drone  
  13  0:33  Overlord  
  15  0:51  Drone  
  15  0:55  Drone  
  17  1:08  Spawning Pool, Drone  
  17  1:16  Drone  
  18  1:27  Drone  
  19  1:39  Drone  
  20  1:48  Overlord  
  20  1:55  Queen, Evolution Chamber  
  20  1:58  Metabolic Boost  
  21  2:04  Zergling x2  
  22  2:10  Zergling x2  
  23  2:22  Zergling x2  
  24  2:24  Zerg Melee Weapons Level 1  
  24  2:32  Zergling x2  
  25  2:50  Zergling x2  
  26  3:00  Overlord  
  26  3:04  Zergling x2  
  26  3:05  Zergling x2  
  28  3:06  Zergling x4  
  30  3:21  Zergling x2  
  31  3:47  Hatchery, Drone  
  31  3:51  Drone  
  32  4:07  Hatchery  
  23  4:49  Lair  
  23  4:52  Drone x3  
  26  4:53  Extractor  
  26  4:54  Drone  
  26  4:55  Drone  
  26  4:56  Drone  
  26  4:59  Queen  
  30  5:04  Drone  
  31  5:19  Drone x4  
  35  5:23  Extractor  
  35  5:25  Extractor  
  33  5:32  Drone x2  
  33  5:33  Drone x4  
  38  5:59  Spore Crawler  
  38  6:02  Spine Crawler  
  36  6:20  Spire  
  36  6:24  Spore Crawler  
  34  6:28  Spine Crawler  
  34  6:29  Queen  
  35  6:34  Drone  
  35  6:35  Drone x12  
  48  6:58  Overlord x3  
  48  7:32  Mutalisk x5  
  48  7:33  Mutalisk x7  
  48  7:36  Zerg Flyer Weapons Level 1  
  72  7:40  Drone  
  72  7:41  Drone  
  72  7:42  Overlord  
  72  7:43  Overlord  
  74  7:44  Pneumatized Carapace  
  74  8:06  Drone x4  
  74  8:07  Drone x7  
  74  8:10  Extractor  
  74  8:12  Extractor  
  77  9:30  Zerg Flyer Armor Level 1  
  77  9:31  Overlord x4  
  77  9:32  Mutalisk  
  77  9:33  Mutalisk x5  
  89  10:05  Mutalisk  
  89  10:06  Mutalisk x11  
  113  10:08  Overlord x2  
  113  10:09  Overlord x2  
  113  11:12  Mutalisk  
  113  11:13  Mutalisk x10  
  113  11:15  Overlord x2  
  135  11:21  Zerg Melee Weapons Level 2  
  135  12:01  Zerg Flyer Weapons Level 2  
  135  12:36  Hatchery  
  134  12:55  Mutalisk x9  
  134  12:56  Mutalisk x4  
  160  13:17  Overlord x4  
  160  13:26  Extractor  
  159  13:31  Extractor  
  128  14:11  Mutalisk x10  
  148  14:34  Queen  
Show
View Real Time Build Order
Export as new Build Order

assassin Protoss 

Build Orders:  

Get SALT Encoding   

  12  0:03  Probe (Chrono Boost)  
  13  0:22  Pylon  
  13  0:23  Probe (Chrono Boost)  
  14  0:31  Assimilator  
  14  0:33  Probe (Chrono Boost)  
  15  0:44  Probe (Chrono Boost)  
  15  0:46  Assimilator  
  16  0:54  Probe (Chrono Boost)  
  17  1:00  Gateway  
  17  1:05  Probe (Chrono Boost)  
  18  1:15  Probe (Chrono Boost)  
  19  1:26  Probe (Chrono Boost)  
  19  1:27  Gateway  
  20  1:39  Pylon  
  20  1:45  Probe (Chrono Boost)  
  21  1:55  Probe (Chrono Boost)  
  21  2:00  Cybernetics Core  
  22  2:28  Gateway  
  22  2:29  Nexus  
  22  2:37  Stalker  
  22  2:43  Warp Gate (Chrono Boost)  
  24  2:49  Probe  
  25  3:01  Probe  
  25  3:04  Pylon  
  26  3:10  Stalker  
  28  3:17  Stalker  
  30  3:30  Assimilator  
  30  3:39  Stalker  
  30  3:40  Stalker  
  34  3:51  Gateway  
  34  3:55  Pylon  
  34  3:58  Probe  
  35  4:09  Probe  
  38  4:19  Probe, Pylon  
  37  4:51  Twilight Council  
  37  4:54  Stalker x2  
  37  4:55  Stalker x2  
  45  5:15  Probe  
  46  5:26  Probe  
  47  5:35  Stalker  
  47  5:36  Probe, Stalker x2  
  47  5:37  Stalker  
  56  5:45  Blink (Chrono Boost)  
  56  5:47  Probe  
  57  5:50  Dark Shrine  
  57  5:52  Pylon  
  57  5:57  Probe  
  58  6:08  Probe  
  59  6:19  Probe  
  59  6:21  Nexus  
  60  6:29  Probe, Gateway  
  61  6:37  Assimilator  
  61  6:40  Probe  
  61  6:46  Pylon  
  62  6:48  Pylon  
  62  6:50  Probe  
  62  6:51  Pylon  
  63  6:56  Gateway  
  63  7:01  Probe  
  63  7:04  Dark Templar x3  
  70  7:11  Probe  
  71  7:22  Probe  
  71  7:28  Gateway  
  72  7:32  Probe  
  72  7:33  Dark Templar x2  
  77  7:39  Dark Templar x2  
  77  7:43  Probe  
  82  7:53  Probe  
  83  8:04  Probe, Pylon  
  84  8:13  Dark Templar  
  84  8:14  Probe, Dark Templar x2  
  84  8:18  Stalker  
  84  8:19  Stalker x2  
  77  9:16  Stalker x2  
  65  9:17  Stalker x2  
  65  9:18  Stalker x3  
  59  9:46  Gateway  
  59  9:49  Gateway, Stalker x5  
  59  9:50  Stalker x2  
  71  10:50  Stalker x4  
  71  10:51  Stalker x3  
  73  11:33  Nexus  
  73  11:36  Dark Templar  
  73  11:37  Dark Templar x3  
  71  11:47  Probe  
  71  11:51  Probe  
  73  11:59  Assimilator  
  73  12:00  Probe  
  74  12:02  Assimilator, Probe  
  75  12:12  Probe, Dark Templar  
  78  12:44  Probe  
  79  12:54  Probe  
  80  13:05  Probe  
  33  13:21  Stalker x3  
  33  13:22  Stalker x2  
  37  13:51  Nexus  
  37  13:55  Dark Templar  
  37  13:56  Dark Templar  
  41  14:06  Probe  
  42  14:16  Probe  
  43  14:27  Probe  
  42  14:38  Probe  
  37  14:48  Probe  
  37  14:51  Stalker  
  40  15:03  Probe  
  41  15:13  Probe  
  41  15:17  Stalker x2  
  41  15:18  Stalker  
  48  15:21  Stalker  
Show
View Real Time Build Order
Export as new Build Order

Entrax Terran 

Build Orders: Mech 

Get SALT Encoding   

  12  0:04  SCV  
  13  0:17  SCV  
  14  0:27  Supply Depot  
  14  0:31  SCV  
  15  0:37  Refinery  
  15  0:39  Refinery  
  15  0:49  SCV  
  16  1:01  SCV  
  16  1:02  Barracks  
  17  1:13  SCV  
  18  1:27  Supply Depot  
  18  1:28  SCV  
  19  1:42  SCV  
  20  1:53  Supply Depot  
  20  2:00  Factory  
  20  2:08  Factory  
  20  2:50  Factory Tech Lab  
  20  2:53  Command Center, Factory Tech Lab  
  20  3:11  Starport, SCV  
  21  3:23  SCV  
  22  3:35  SCV  
  23  3:47  SCV  
  24  3:51  Medivac  
  26  3:56  Siege Tank  
  29  4:11  Siege Tank  
  31  4:21  Medivac  
  33  4:58  SCV  
  34  5:02  SCV  
  35  5:10  SCV  
  35  5:13  Siege Tank x2  
  42  5:14  SCV  
  42  5:15  Medivac  
  45  5:22  SCV  
  46  5:29  Orbital Command  
  46  5:34  SCV  
  37  5:45  Medivac  
  37  5:46  SCV  
  32  6:30  SCV  
  33  6:41  Refinery  
  33  6:42  SCV  
  33  6:45  Refinery  
  34  6:54  SCV  
  34  7:01  Orbital Command  
  35  7:06  SCV  
  36  7:18  SCV  
  37  7:30  Factory x2  
  37  7:36  Starport Reactor  
  37  7:40  Starport, SCV  
  38  7:46  SCV  
  39  7:53  SCV  
  40  7:58  SCV  
  40  8:05  SCV  
  42  8:10  SCV  
  43  8:17  SCV  
  44  8:22  SCV  
  45  8:29  SCV  
  36  8:34  SCV  
  36  8:36  Factory Tech Lab x2  
  36  8:40  Starport Reactor  
  29  8:44  Siege Tank x2  
  35  8:58  Siege Tank x2  
  31  10:35  SCV  
  32  10:38  Armory, SCV  
  32  10:40  Armory  
  32  10:42  Engineering Bay  
  33  10:47  SCV  
  33  10:59  SCV  
  33  11:11  SCV  
  34  11:23  SCV  
  20  12:26  SCV  
  21  12:33  Missile Turret x2  
  21  12:36  Missile Turret  
  21  12:37  Missile Turret x3  
  21  12:38  Missile Turret x2, SCV  
  22  12:50  Missile Turret, SCV  
  23  12:52  Missile Turret  
  23  12:55  Missile Turret  
  21  13:02  SCV  
  18  13:14  SCV  
  19  13:23  Missile Turret  
  19  13:27  Missile Turret  
  19  13:37  Siege Tank  
  19  13:38  Siege Tank x3  
  31  13:58  Missile Turret  
  31  14:20  Missile Turret  
  31  14:40  Missile Turret  
  31  14:58  Missile Turret, Viking x4  
  39  15:17  Missile Turret  
Show
View Real Time Build Order
Export as new Build Order

Iznogoud Protoss 

Build Orders: Blink Stalkers 

Get SALT Encoding   

  12  0:01  Probe (Chrono Boost)  
  13  0:14  Probe (Chrono Boost)  
  14  0:24  Pylon  
  14  0:29  Probe (Chrono Boost)  
  15  0:42  Probe (Chrono Boost)  
  16  0:46  Gateway  
  16  0:53  Probe (Chrono Boost)  
  16  0:55  Assimilator  
  17  1:01  Assimilator  
  17  1:03  Probe (Chrono Boost)  
  18  1:14  Probe (Chrono Boost)  
  18  1:17  Pylon  
  19  1:24  Probe (Chrono Boost)  
  20  1:35  Probe (Chrono Boost)  
  20  1:36  Cybernetics Core  
  21  1:45  Probe (Chrono Boost)  
  22  1:56  Probe (Chrono Boost)  
  23  2:07  Nexus  
  23  2:13  Warp Gate (Chrono Boost)  
  23  2:24  Forge  
  23  2:40  Gateway  
  23  2:42  Gateway  
  23  2:47  Pylon  
  23  3:03  Twilight Council  
  23  3:06  Protoss Ground Weapons Level 1 (Chrono Boost)  
  23  3:18  Probe  
  24  3:28  Probe  
  25  3:39  Probe  
  26  3:50  Probe  
  27  3:56  Blink (Chrono Boost)  
  27  4:00  Probe  
  28  4:07  Pylon  
  28  4:11  Probe  
  29  4:18  Stalker  
  29  4:19  Stalker x2  
  29  4:21  Probe  
  36  4:30  Photon Cannon  
  36  4:32  Probe  
  36  4:36  Photon Cannon  
  37  4:42  Probe, Pylon  
  38  4:53  Probe  
  38  4:54  Assimilator  
  38  4:58  Assimilator  
  39  5:03  Probe  
  39  5:05  Mothership Core  
  42  5:07  Stalker x2  
  42  5:09  Stalker  
  48  5:14  Probe  
  49  5:24  Probe  
  50  5:35  Probe  
  50  5:39  Protoss Ground Weapons Level 2  
  51  5:43  Stalker  
  51  5:44  Stalker x2  
  57  5:55  Probe  
  58  6:05  Probe  
  58  6:09  Robotics Facility  
  59  6:11  Pylon  
  59  6:15  Photon Cannon  
  59  6:16  Probe  
  60  6:26  Probe  
  61  6:37  Probe  
  62  6:40  Charge (Chrono Boost)  
  62  6:41  Stalker  
  62  6:42  Stalker x2  
  68  7:04  Pylon  
  68  7:12  Stalker x3  
  74  7:48  Stalker x3  
  80  7:55  Observer  
  81  8:05  Photon Cannon, Dark Shrine  
  81  8:09  Pylon  
  81  8:11  Gateway  
  81  8:16  Observer  
  82  8:34  Stalker  
  82  8:35  Stalker x2  
  82  8:37  Warp Prism  
  75  9:15  Sentry x2  
  47  10:22  Nexus  
  47  10:32  Observer  
  48  10:40  Robotics Bay  
  48  10:44  Robotics Facility  
  48  10:53  Observer  
  33  11:14  Dark Templar  
  30  11:35  Colossus x2  
  30  11:39  Dark Templar  
  44  12:47  Dark Templar  
  46  12:53  Gateway  
  46  12:56  Gateway  
  46  12:57  Gateway  
  46  13:01  Pylon  
  46  13:03  Pylon  
  46  13:28  Extended Thermal Lance (Chrono Boost)  
  46  13:49  Colossus x2  
  28  14:41  Dark Templar x2  
  28  14:42  Dark Templar x2  
  16  15:15  Dark Templar x2  
Show
View Real Time Build Order
Export as new Build Order

AVI Zerg 

Build Orders: Hatch First 

Get SALT Encoding   

  12  0:02  Drone  
  13  0:16  Overlord  
  13  0:19  Drone  
  14  0:45  Hatchery  
  14  0:46  Drone  
  14  0:52  Drone  
  14  0:54  Drone  
  16  1:03  Drone  
  17  1:17  Spawning Pool  
  16  1:18  Drone  
  16  1:21  Drone  
  18  1:26  Extractor  
  18  1:29  Drone  
  18  1:42  Drone  
  19  1:55  Drone  
  19  2:00  Overlord  
  20  2:05  Queen  
  20  2:06  Queen  
  20  2:07  Drone  
  25  2:09  Overlord  
  25  2:12  Drone  
  26  2:20  Drone  
  27  2:26  Drone  
  28  2:30  Extractor  
  27  2:41  Evolution Chamber  
  26  2:45  Roach Warren  
  26  2:49  Drone x4  
  29  2:55  Drone x2  
  31  3:02  Lair  
  31  3:06  Drone  
  31  3:07  Drone  
  31  3:12  Drone  
  34  3:15  Drone x2  
  36  3:29  Drone x2  
  36  3:30  Drone x3  
  36  3:31  Drone  
  42  3:39  Roach  
  44  3:53  Spine Crawler  
  43  3:57  Zergling x2  
  43  3:59  Overlord x4  
  43  4:00  Spine Crawler  
  43  4:06  Zergling x2  
  44  4:13  Overlord x2  
  44  4:14  Overlord  
  42  4:24  Zergling x6  
  28  4:33  Zergling x4  
  30  4:42  Drone  
  30  4:43  Drone  
  32  4:50  Infestation Pit  
  31  4:55  Roach x2  
  35  5:07  Roach x2  
  35  5:10  Queen  
  41  5:15  Drone x2  
  43  5:26  Metabolic Boost  
  43  5:29  Hive  
  43  5:40  Spore Crawler  
  42  5:43  Spore Crawler  
  42  5:46  Spore Crawler  
  42  5:47  Hydralisk Den  
  39  5:55  Drone  
  40  6:12  Drone  
  40  6:13  Drone x6  
  40  6:17  Hydralisk  
  49  6:28  Drone x2  
  49  6:29  Drone x2  
  53  6:33  Drone  
  53  6:38  Drone  
  53  6:39  Drone x2  
  57  6:43  Drone  
  58  6:59  Zerg Ground Armor Level 1  
  58  7:27  Hydralisk x4  
  58  7:28  Hydralisk x3, Spire  
  71  7:44  Extractor  
  71  7:45  Extractor  
  71  7:46  Spore Crawler  
  71  7:47  Spore Crawler  
  71  7:48  Spore Crawler  
  71  7:50  Drone x3  
  71  7:51  Drone x5  
  74  8:22  Hatchery  
  73  8:31  Hydralisk  
  73  8:32  Hydralisk x6  
  87  8:44  Spore Crawler  
  78  9:19  Hydralisk x5  
  88  9:32  Drone x3  
  89  9:52  Corruptor x2  
  89  9:55  Zergling x2  
  89  9:56  Zergling x8  
  98  10:06  Overseer x2  
  98  10:25  Corruptor  
  100  10:31  Greater Spire  
  100  10:36  Overlord x2  
  100  10:37  Overlord x3  
  100  10:48  Zerg Ground Armor Level 2  
  100  10:59  Hatchery  
  100  11:02  Extractor  
  100  11:04  Spore Crawler, Extractor  
  93  11:20  Corruptor x2  
  93  11:21  Corruptor x2  
  101  11:32  Spore Crawler  
  100  11:34  Spore Crawler  
  99  11:45  Spore Crawler x2  
  97  11:49  Spore Crawler, Corruptor x2  
  97  11:50  Corruptor  
  97  11:51  Spore Crawler  
  97  11:52  Overlord x2  
  97  11:53  Overlord  
  101  12:25  Brood Lord  
  101  12:27  Zergling x2  
  101  12:28  Zergling x14  
  113  12:36  Spore Crawler  
  82  13:35  Corruptor x6  
  94  13:57  Hatchery  
  94  14:00  Corruptor x4  
  101  14:50  Brood Lord x4  
Show
View Real Time Build Order
Export as new Build Order

cbx Protoss 

Build Orders: Nexus First 

Get SALT Encoding   

  12  0:02  Probe (Chrono Boost)  
  13  0:12  Probe (Chrono Boost)  
  14  0:23  Pylon  
  14  0:25  Probe (Chrono Boost)  
  15  0:42  Probe (Chrono Boost)  
  16  0:52  Probe (Chrono Boost)  
  17  1:01  Nexus  
  17  1:03  Probe (Chrono Boost)  
  18  1:10  Pylon  
  18  1:13  Probe (Chrono Boost)  
  19  1:21  Assimilator  
  19  1:24  Probe (Chrono Boost)  
  20  1:27  Assimilator  
  20  1:34  Gateway  
  20  1:39  Probe (Chrono Boost)  
  21  1:46  Pylon  
  21  1:49  Probe (Chrono Boost)  
  22  2:00  Probe (Chrono Boost)  
  23  2:10  Probe (Chrono Boost)  
  24  2:23  Nexus  
  24  2:27  Probe x2 (Chrono Boost)  
  26  2:35  Assimilator  
  26  2:39  Probe (Chrono Boost)  
  26  2:40  Probe (Chrono Boost)  
  28  2:57  Cybernetics Core  
  28  2:59  Probe x2 (Chrono Boost)  
  30  3:10  Probe x2 (Chrono Boost)  
  32  3:16  Forge  
  32  3:21  Probe x2 (Chrono Boost)  
  32  3:22  Assimilator  
  32  3:26  Assimilator  
  34  3:31  Probe (Chrono Boost)  
  34  3:32  Probe (Chrono Boost), Pylon  
  36  3:39  Assimilator  
  36  3:42  Probe x2 (Chrono Boost), Mothership Core (Chrono Boost)  
  40  3:49  Stargate  
  40  3:54  Stargate  
  41  3:55  Probe (Chrono Boost)  
  41  3:57  Probe (Chrono Boost)  
  42  4:05  Photon Cannon  
  42  4:11  Probe x3 (Chrono Boost)  
  45  4:21  Probe x2 (Chrono Boost)  
  47  4:28  Probe (Chrono Boost), Photon Cannon  
  48  4:32  Probe x2 (Chrono Boost)  
  50  4:40  Probe (Chrono Boost)  
  50  4:42  Probe x2 (Chrono Boost)  
  53  4:49  Void Ray  
  53  4:50  Probe (Chrono Boost), Void Ray  
  62  4:59  Pylon  
  62  5:02  Probe x3 (Chrono Boost), Pylon  
  65  5:09  Protoss Air Weapons Level 1 (Chrono Boost), Pylon  
  65  5:16  Stargate  
  65  5:32  Probe (Chrono Boost)  
  65  5:33  Probe x2 (Chrono Boost), Stargate  
  68  5:37  Void Ray  
  68  5:39  Void Ray  
  76  5:43  Probe x2 (Chrono Boost)  
  76  5:44  Probe (Chrono Boost)  
  79  5:54  Probe (Chrono Boost)  
  79  5:55  Probe x2 (Chrono Boost)  
  82  6:05  Probe x3 (Chrono Boost), Void Ray  
  89  6:20  Robotics Facility, Void Ray  
  89  6:23  Fleet Beacon  
  93  6:27  Pylon  
  93  6:28  Probe x2 (Chrono Boost)  
  93  6:29  Probe (Chrono Boost)  
  93  6:31  Pylon  
  96  6:33  Void Ray  
  100  6:45  Void Ray  
  104  6:54  Void Ray  
  108  7:03  Void Ray  
  108  7:08  Cybernetics Core  
  112  7:09  Observer  
  112  7:11  Protoss Air Armor Level 1 (Chrono Boost)  
  113  7:16  Void Ray  
  113  7:28  Void Ray  
  101  7:41  Probe x2, Void Ray  
  101  7:43  Probe  
  108  7:45  Void Ray  
  112  7:52  Probe x2  
  112  7:53  Pylon  
  112  7:55  Probe, Protoss Air Weapons Level 2 (Chrono Boost)  
  112  7:56  Pylon  
  115  8:00  Pylon  
  115  8:02  Probe x2  
  117  8:11  Probe, Void Ray  
  122  8:13  Probe  
  122  8:14  Void Ray  
  127  8:23  Void Ray  
  127  8:24  Photon Cannon  
  131  8:28  Void Ray  
  131  8:31  Observer  
  136  8:53  Void Ray  
  139  9:38  Void Ray  
  137  10:07  Stargate  
  137  10:08  Stargate  
  137  10:11  Stargate  
  137  10:12  Pylon  
  137  10:14  Pylon  
  137  10:16  Pylon  
  137  10:17  Photon Cannon  
  137  10:19  Photon Cannon  
  137  10:22  Photon Cannon  
  137  10:25  Void Ray  
  141  10:30  Void Ray x2  
  141  10:32  Void Ray  
  153  11:08  Void Ray  
  133  11:13  Void Ray  
  133  11:15  Void Ray  
  113  11:21  Void Ray  
  113  11:22  Void Ray x3  
  89  11:51  Void Ray  
  93  11:56  Void Ray  
  93  11:57  Void Ray  
  97  12:04  Void Ray x2  
  97  12:05  Void Ray  
  109  12:12  Void Ray  
  113  12:33  Void Ray  
  117  12:38  Void Ray  
  117  12:40  Void Ray  
  125  12:45  Observer  
  125  12:47  Void Ray  
  125  12:49  Void Ray x2  
  138  13:53  Void Ray x4  
  154  13:55  Void Ray  
  154  13:56  Void Ray  
  154  13:57  Void Ray  
  78  14:18  Photon Cannon  
  78  14:19  Photon Cannon  
  78  14:21  Photon Cannon  
  78  14:22  Photon Cannon x2  
  78  14:23  Photon Cannon x2  
  78  14:24  Photon Cannon x5  
  78  14:25  Photon Cannon  
  77  14:36  Void Ray  
  61  14:59  Pylon  
  61  15:02  Pylon  
Tags
 
Add a new tag
Caveats
  • Supply blocks, unpowered buildings, or Contaminate may cause inaccurate times.
  • Supply counts are checked every 10 seconds.